 Dungeon Crawl Stone Soup version 0.19-a0-1007-g133f65f (webtiles) character file.

4017 Implojin the Grappler (level 10, -6/102 HPs)
             Began as a Troll Fighter on July 19, 2016.
             Was a Follower of Qazlal.
             Killed by divine providence
             ... invoked by an orc priest
              (15 damage)
             ... on level 9 of the Dungeon.
             The game lasted 00:13:02 (2374 turns).

Implojin the Grappler (Troll Fighter)               Turns: 2374, Time: 00:13:02

Health: -6/102     AC:  5    Str: 26    XL:     10   Next: 3%
Magic:  9/9        EV:  8    Int:  4    God:    Qazlal [*.....]
Gold:   115        SH: 10    Dex: 12    Spells: 0 memorised, 9 levels left

rFire  . . .     SeeInvis .       - Unarmed
rCold  + . .     Gourm    +     y - +0 robe {rC+}
rNeg   . . .     Faith    .     b - +0 shield
rPois  .         Spirit   .     (helmet restricted)
rElec  .         Dismiss  .     (no cloak)
rCorr  .         Reflect  .     (gloves unavailable)
SustAt .         Harm     .     (boots unavailable)
MR     .....                    m - amulet of the gourmand
Stlth  +.........               (no ring)
                                (no ring)

@: very slightly contaminated, hasted, very quick, not resistant to hostile
enchantments, very unstealthy
A: unfitting armour, claws 3, fast metabolism 3, gourmand, regeneration 2,
shaggy fur 1, tough skin 2
a: Renounce Religion


You were on level 9 of the Dungeon.
You worshipped Qazlal.
Qazlal was aware of your devotion.
You were very full.

You visited 2 branches of the dungeon, and saw 13 of its levels.

You collected 115 gold pieces.

Inventory:

Hand Weapons
 l - a +0 flail
 t - a +1 flail of crushing
 z - a +1 rapier of electrocution
Missiles
 e - 10 tomahawks (quivered)
 u - 2 throwing nets
Armour
 b - a +0 shield (worn)
 y - a +0 robe of cold resistance (worn)
Rods
 f - a +0 rod of ignition (9/9)
   (You found it on level 2 of the Dungeon)
Jewellery
 m - an amulet of the gourmand (around neck)
Wands
 k - a wand of acid (5/15)
Scrolls
 g - 5 scrolls of remove curse
 p - a scroll of teleportation {unknown}
 C - a scroll of noise {unknown}
Potions
 a - a potion of mutation
 c - 3 potions of magic
 n - a potion of cure mutation
 o - a potion of flight
 v - a potion of lignification {unknown}
 w - a potion of brilliance {unknown}
Books
 r - a book of Summonings

   Spells                             Type                      Level
   a - Recall                         Summoning/Translocation      3
   b - Aura of Abjuration             Summoning                    5
   c - Summon Demon                   Summoning                    5
   d - Summon Forest                  Summoning/Translocation      5
   e - Summon Mana Viper              Hexes/Summoning              5
   f - Shadow Creatures               Summoning                    6
Miscellaneous
 x - a phantom mirror
Comestibles
 d - 2 bread rations
 i - a slice of pizza
 j - 4 meat rations
 B - a chunk of flesh


   Skills:
 * Level 7.2 Fighting
 - Level 2.4 Dodging
 - Level 2.4 Shields
 - Level 12.0 Unarmed Combat


You had 9 spell levels left.
You didn't know any spells.

Dungeon Overview and Level Annotations

Branches:
Dungeon (12/15)            Temple (1/1) D:5
   Lair: D:8-11         Orc: D:9-12

Altars:
Dithmenos
Elyvilon
Fedhas
Gozag
Hepliaklqana
Kikubaaqudgha
Nemelex Xobeh
Okawaru
Pakellas
Qazlal
Ru
Trog
Uskayaw
Vehumet
Xom
Yredelemnul
Zin
The Shining One

Annotations:
D:9 Prince Ribbit


Innate Abilities, Weirdness & Mutations

You are too large for most types of armour.
You have claws for hands.
Your metabolism is lightning-fast.
You like to eat raw meat.
You heal very quickly.
You are covered in fur. (AC +1)
You have very tough skin. (AC +2)


Message History

The orc hits you with a hand axe of electrocution.
* * * LOW HITPOINT WARNING * * *
You are electrocuted!
* * * LOW HITPOINT WARNING * * *
The orc priest barely misses you.
You feel much better. The orc warrior misses you.
The orc priest closely misses you.
You feel yourself speed up. The orc hits you but does no damage.
The orc warrior barely misses you.
The orc priest looks braver for a moment.
The orc wizard hits you with a dagger.
* * * LOW HITPOINT WARNING * * *
The orc priest calls down the wrath of Beogh upon you.
Pain shoots through your body!
* * * LOW HITPOINT WARNING * * *
You are very lightly contaminated with residual magic.
An orc and an orc warrior come into view.
Unknown command.
Unknown command.
Unknown command.
The orc hits you but does no damage.
You are electrocuted!
* * * LOW HITPOINT WARNING * * *
The orc warrior hits you from afar with a glaive!
* * * LOW HITPOINT WARNING * * *
Unknown command.
You feel better.
The orc wizard casts a spell.
The orc wizard seems to speed up.
The orc priest hits you with a short sword.
* * * LOW HITPOINT WARNING * * *
The orc hits you but does no damage.
Okay, then.
The orc wizard points at you and mumbles some strange words.
You easily resist.
As you read the scroll of summoning, it crumbles to dust.
Wisps of shadow whirl around you...
The orc priest invokes the aid of Beogh against you.
Beogh smites you!
You die...

# .. #. #) ###
####o###8## .##
......#o..#...#.
###..ooo...o...
#o.So.oo...o...
#.##@oooo.....$
#.#...#...#.
.o.##8###8##
.####### ## #


You could see 4 orc warriors, 2 orc priests, 2 orc wizards, 4 orcs, a friendly
adder and 4 friendly orcs.

Vanquished Creatures
  Pikel (D:5)
  A manticore (D:11)
  A centaur zombie (D:10)
  A kobold demonologist (D:11)
  Grinder (D:5)
  A vampire (D:10)
  A hungry ghost (D:7)
  Menkaure (D:4)
  Edmund (D:5)
  A slave (D:5)
  A black bear (D:7)
  An orc warrior (D:8)
  2 sky beasts
  An ice beast (D:10)
  An ogre (D:4)
  2 centaurs
  A big kobold (D:11)
  3 giant frogs (D:6)
  A water moccasin skeleton (D:11)
  5 killer bees (D:11)
  A crimson imp (D:9)
  A hound (D:10)
  A gnoll shaman (D:4)
  2 orc priests
  3 giant frog skeletons
  A jelly (D:7)
  A centaur skeleton (D:5)
  An iguana (D:6)
  Jessica (D:2)
  An orc wizard (D:11)
  3 worker ants
  A hound zombie (D:10)
  A hound skeleton (D:4)
  10 gnolls
  4 adders
  A howler monkey skeleton (D:8)
  2 adder skeletons
  2 giant geckos
  12 orcs
  A giant cockroach (D:2)
  A goblin (D:3)
  3 hobgoblins
  4 jackals (D:3)
  6 kobolds
  4 bats
  A giant gecko skeleton (D:4)
  2 giant newts (D:4)
  A quokka skeleton (D:4)
100 creatures vanquished.

Notes
Turn   | Place    | Note
-------+----------+-------------------------------------------
     0 | D:1      | Implojin the Troll Fighter began the quest for the Orb.
     0 | D:1      | Reached XP level 1. HP: 22/22 MP: 0/0
    60 | D:2      | Noticed Jessica
    64 | D:2      | Reached XP level 2. HP: 10/29 MP: 1/1
    66 | D:2      | Killed Jessica
    66 | D:2      | Reached skill level 3 in Unarmed Combat
    66 | D:2      | Reached XP level 3. HP: 13/36 MP: 2/2
    97 | D:2      | Found a blossoming altar of Fedhas.
   112 | D:3      | Reached skill level 4 in Unarmed Combat
   151 | D:3      | Found a faded altar of an unknown god.
   157 | D:3      | You fall through a shaft for 3 floors!
   161 | D:6      | Reached XP level 4. HP: 37/44 MP: 3/3
   207 | D:6      | Noticed a centaur
   218 | D:6      | Killed a centaur
   218 | D:6      | Reached skill level 5 in Unarmed Combat
   218 | D:6      | Reached XP level 5. HP: 30/50 MP: 4/4
   302 | D:6      | Reached skill level 6 in Unarmed Combat
   334 | D:7      | Reached XP level 6. HP: 40/59 MP: 5/5
   427 | D:6      | Reached skill level 7 in Unarmed Combat
   455 | D:6      | Found a glowing golden altar of the Shining One.
   455 | D:6      | Noticed a sky beast
   460 | D:6      | Killed a sky beast
   460 | D:6      | Reached XP level 7. HP: 47/66 MP: 6/6
   593 | D:7      | Found a glowing silver altar of Zin.
   594 | D:7      | Found a basalt altar of Yredelemnul.
   618 | D:7      | Noticed a hungry ghost
   631 | D:7      | Killed a hungry ghost
   631 | D:7      | Reached skill level 8 in Unarmed Combat
   643 | D:7      | Reached skill level 9 in Unarmed Combat
   882 | D:5      | Entered Level 5 of the Dungeon
   883 | D:5      | Noticed Pikel
   910 | D:5      | Killed Pikel
   910 | D:5      | Reached skill level 10 in Unarmed Combat
   910 | D:5      | Reached XP level 8. HP: 74/74 MP: 7/7
   999 | D:4      | Noticed Menkaure
  1006 | D:4      | Killed Menkaure
  1095 | D:5      | Noticed Grinder
  1107 | D:5      | Reached skill level 11 in Unarmed Combat
  1108 | D:5      | Killed Grinder
  1130 | D:5      | Identified a +0 rod of ignition (9/9) (You found it on level 2 of the Dungeon)
  1409 | D:5      | Found a staircase to the Ecumenical Temple.
  1419 | Temple   | Entered the Ecumenical Temple
  1482 | Temple   | Became a worshipper of Qazlal Stormbringer
  1547 | D:5      | Reached XP level 9. HP: 76/80 MP: 8/8
  1564 | D:5      | Noticed Edmund
  1575 | D:5      | Killed Edmund
  1694 | D:8      | Reached skill level 12 in Unarmed Combat
  1810 | D:9      | Noticed Prince Ribbit
  1814 | D:9      | Reached skill level 3 in Fighting
  1842 | D:8      | Found an iron altar of Okawaru.
  1884 | D:10     | Entered Level 10 of the Dungeon
  1905 | D:11     | Noticed a manticore
  1911 | D:11     | Killed a manticore
  1911 | D:11     | Reached skill level 4 in Fighting
  2009 | D:11     | Noticed a kobold demonologist
  2020 | D:11     | Noticed a sixfirhy
  2030 | D:11     | Killed a kobold demonologist
  2030 | D:11     | Reached skill level 5 in Fighting
  2049 | D:11     | Reached * piety under Qazlal
  2155 | D:11     | Reached skill level 6 in Fighting
  2338 | D:10     | Reached skill level 7 in Fighting
  2363 | D:10     | Reached XP level 10. HP: 76/102 MP: 9/9
  2371 | D:9      | HP: 1/102 [orc warrior/glaive (10)]
  2374 | D:9      | Killed from afar by an orc priest

Vault maps used:
D:1:      ldierk_water_garden, minmay_newt_pond
D:2:      nicolae_overflow_hidden_temple, lemuel_crystal_altar, first_bread,
          nicolae_dithmenos_through_a_glass_darkly, uniq_jessica
D:3:      ecumenical_altar_2, xom_redecorated
D:4:      uniq_menkaure
D:5:      uniq_grinder, uniq_edmund, uniq_pikel
D:6:      nicolae_overflow_crystal_walls
D:7:      gammafunk_temple_overflow_statue
D:8:      okawaru_ov_weapons_minmay, led_sif_book, lemuel_round_altar,
          serial_column_ruins, grunt_ogre_cave
D:9:      hangedman_screamer, kennysheep_mini_moat, lair_0_dummy, david_orc_4,
          serial_glass, glass_columns_a, glass_columns_b, uniq_prince_ribbit1
D:10:     minmay_misc_feat_doors, uniq_harold
D:12:     nicolae_benzene_ring
Temple:   nicolae_temple_god_jail

Skill      XL: |  1  2  3  4  5  6  7  8  9 |
---------------+----------------------------+-----
Unarmed Combat | 3 4 5 6 7 10 11 12 | 12.0
Fighting       | 7 |  7.2
Dodging        | |  2.4
Shields        | |  2.4

Action                   |  1- 3 |  4- 6 |  7- 9 | 10-12 || total
-------------------------+-------+-------+-------+-------++-------
Melee: Unarmed           |    40 |    50 |   218 |     1 ||   309
  Use: Potion            |     1 |       |     1 |     3 ||     5
       Scroll            |       |       |    10 |     1 ||    11
  Eat: Chunk             |       |    10 |    18 |       ||    28
       Bread ration      |       |       |     1 |       ||     1
Armor: Robe              |    82 |    11 |    36 |     4 ||   133
Dodge: Dodged            |    54 |    22 |    68 |     5 ||   149
Block: Shield            |    75 |    22 |    84 |     1 ||   182

Table legend:
 A = Turns spent in this place as a percentage of turns spent in the entire game.
 B = Non-inter-level travel turns spent in this place as a percentage of non-inter-level travel turns spent in the entire game.
 C = Inter-level travel turns spent in this place as a percentage of turns spent in this place.
 D = Turns resting spent in this place as a percentage of non-inter-level travel turns spent in this place.
 E = Turns spent auto-exploring this place as a percentage of non-inter-level travel turns spent in this place.
 F = Non-inter-level travel turns spent in this place divided by the number of levels of this place that you've seen.
                   A       B       C       D       E      F
               +-------+-------+-------+-------+-------+----------------------
         Total | 100.0 | 100.0 |   0.0 |   0.0 |   0.0 | 185.2
       Dungeon |  96.7 |  96.7 |   0.0 |   0.0 |   0.0 | 194.1
        Temple |   3.3 |   3.3 |   0.0 |   0.0 |   0.0 |  79.0
               +-------+-------+-------+-------+-------+----------------------

Table legend:
 A = Kills in this place as a percentage of kills in entire the game.
 B = Kills by you in this place as a percentage of kills by you in the entire game.
 C = Kills by friends in this place as a percentage of kills by friends in the entire game.
 D = Other kills in this place as a percentage of other kills in the entire game.
 E = Experience gained in this place as a percentage of experience gained in the entire game.
 F = Experience gained in this place divided by the number of levels of this place that you have seen.
                   A       B       C       D       E      F
               +-------+-------+-------+-------+-------+----------------------
         Total | 100.0 | 100.0 |  -nan |  -nan | 100.0 | 441.5
       Dungeon | 100.0 | 100.0 |  -nan |  -nan | 100.0 | 478.2
               +-------+-------+-------+-------+-------+----------------------
